 Dungeon Crawl Stone Soup version 0.18.1-48-g4cf74bf (webtiles) character file.

42 Inchmeat the Magician (level 3, -1/24 HPs)
             Began as a Demonspawn Wizard on Aug 6, 2016.
             Slain by a worm (9 damage)
             ... on level 3 of the Dungeon.
             The game lasted 00:05:30 (1974 turns).

Inchmeat the Magician (Demonspawn Wizard)           Turns: 1974, Time: 00:05:30

Health: -1/24      AC:  8    Str:  8    XL:     3   Next: 33%
Magic:  1/8        EV: 15    Int: 19    God:
Gold:   36         SH:  0    Dex: 16    Spells: 2 memorised, 6 levels left

rFire  . . .     SeeInvis .     m - +0 mace
rCold  . . .     Gourm    .     e - +0 ring mail (curse)
rNeg   . . .     Faith    .     (no shield)
rPois  .         Spirit   .     f - +0 helmet
rElec  .         Dismiss  .     (no cloak)
rCorr  .         Reflect  .     n - +0 pair of gloves
SustAt .         Harm     .     i - +0 pair of boots
MR     .....                    (no amulet)
Stlth  ++........               (no ring)
                                (no ring)

@: agile, flying, very slightly contaminated, invisible, not resistant to
hostile enchantments, unstealthy
A: powered by pain 2
a: no special abilities


You were on level 3 of the Dungeon.
You were very hungry.

You visited 1 branch of the dungeon, and saw 3 of its levels.

You collected 36 gold pieces.

Inventory:

Hand Weapons
 m - a +0 mace (weapon)
Armour
 a - a +0 robe
 b - a +0 hat
 e - a cursed +0 ring mail (worn)
 f - a +0 helmet (worn)
 i - a +0 pair of boots (worn)
 n - a +0 pair of gloves (worn)
Scrolls
 o - a scroll of amnesia {unknown}
Potions
 g - a potion of flight
Books
 c - a book of Minor Magic

   Spells                             Type                      Level
   a - Magic Dart                     Conjuration                  1
   b - Blink                          Translocation                2
   c - Call Imp                       Summoning                    2
   d - Repel Missiles                 Charms/Air                   2
   e - Slow                           Hexes                        2
   f - Conjure Flame                  Conjuration/Fire             3
   g - Mephitic Cloud                 Conjuration/Poison/Air       3
Comestibles
 d - 3 bread rations
 k - a meat ration


   Skills:
 - Level 1.9 Dodging
 - Level 1.7 Stealth
 + Level 3.9 Spellcasting
 * Level 1.7 Conjurations
   Level 1.0 Summonings
 + Level 0.8 Translocations


You had 6 spell levels left.
You knew the following spells:

 Your Spells              Type           Power        Failure   Level  Hunger
a - Magic Dart            Conj           ##..         24%         1    None
b - Blink                 Tloc           N/A          54%         2    ##.....


Dungeon Overview and Level Annotations

Branches:
Dungeon (3/15)

Altars:
Sif Muna


Innate Abilities, Weirdness & Mutations

You sometimes gain power by taking damage.


Message History

Confirm with . or Enter, or press ? or * to list all spells.
You don't have enough magic to cast that spell.
Unknown command.
Drink which item? (? for menu, Esc to quit)
It was a potion of invisibility.
You fade into invisibility!
You strike the helpless worm from behind!
You hit the worm.
The worm is heavily wounded.
The worm completely misses you.
You hit the worm.
The worm is severely wounded.
The worm completely misses you.
You barely miss the worm.
The worm is heavily wounded.
The worm barely misses you.
You hit the worm.
The worm is severely wounded.
The worm bites you!
You die...

... ..# #.. ..# #.#
#.#### #.########.#
#....# #......<...#
##.##.#
#.####.###.###...#.####
#..w........._......#
#.########.#...###..#
#....w@.##.##.## #..#
##########....# #..#
####.# #..# #.. ...#
#.# ##.# #.. .# ##


You could see a worm.

Vanquished Creatures
  An adder (D:3)
  A dart slug (D:1)
  2 giant geckos
  A ball python (D:2)
  A giant cockroach (D:1)
  4 goblins (D:1)
  5 hobgoblins
  2 kobolds (D:1)
  2 bats
  4 giant newts
  5 rats
28 creatures vanquished.

Notes
Turn   | Place    | Note
--------------------------------------------------------------
     0 | D:1      | Inchmeat the Demonspawn Wizard began the quest for the Orb.
     0 | D:1      | Reached XP level 1. HP: 13/13 MP: 4/4
   443 | D:1      | Gained mutation: You sometimes gain a little power by taking damage. [demonic ancestry]
   443 | D:1      | Reached XP level 2. HP: 19/19 MP: 1/6
  1026 | D:1      | Learned a level 2 spell: Blink
  1522 | D:2      | Gained mutation: You sometimes gain power by taking damage. [demonic ancestry]
  1522 | D:2      | Reached XP level 3. HP: 24/24 MP: 0/8
  1797 | D:3      | Found a deep blue altar of Sif Muna.
  1974 | D:3      | Slain by a worm

Action                   || total
-------------------------++-------
Melee: Unarmed           ||    20
       Mace              ||    23
 Cast: Magic Dart        ||    73
  Use: Scroll            ||     2
       Potion            ||     3
 Stab: Invisible         ||     1
  Eat: Chunk             ||     2
Armor: Robe              ||     4
       Ring mail         ||    11
Dodge: Dodged            ||    33
